Map: Proxima Station LE

Players

PtitDrogo

  • Race: Protoss Protoss
  • League: Master
  • Spawn Location: 1:00

liquidthermy (uThermal) - Winner!

  • Race: Terran Terran
  • League: Master
  • Spawn Location: 7:00

Event: HomeStory Cup XV

VOD

Have the link to the VOD?

Description

Time

  • Played on: July 22, 2017, 5:56 p.m.
  • Length: 9:31

All games in this series

Show
View Real Time Build Order
Export as new Build Order

PtitDrogo Protoss 

Build Orders: 1 Gate Expand, Oracle Opening 

Get SALT Encoding   

  12  0:01  Probe (Chrono Boost)  
  13  0:11  Probe (Chrono Boost)  
  14  0:17  Pylon  
  14  0:22  Probe (Chrono Boost)  
  15  0:35  Probe (Chrono Boost)  
  16  0:36  Gateway  
  16  0:46  Probe (Chrono Boost)  
  16  0:47  Assimilator  
  17  0:56  Probe (Chrono Boost)  
  18  1:07  Probe (Chrono Boost)  
  19  1:21  Nexus  
  19  1:23  Probe (Chrono Boost)  
  20  1:32  Cybernetics Core  
  20  1:36  Probe (Chrono Boost)  
  21  1:40  Assimilator  
  21  1:46  Probe (Chrono Boost)  
  22  1:51  Pylon  
  22  1:57  Probe (Chrono Boost)  
  23  2:09  Probe, Warp Gate, Adept (Chrono Boost)  
  26  2:21  Probe  
  27  2:28  Stargate  
  27  2:33  Probe  
  27  2:34  Probe  
  27  2:36  Adept (Chrono Boost)  
  31  2:45  Probe  
  31  2:46  Probe  
  33  2:55  Probe  
  33  2:58  Probe  
  35  2:59  Adept (Chrono Boost)  
  37  3:06  Probe  
  37  3:10  Probe  
  37  3:12  Oracle (Chrono Boost)  
  39  3:16  Probe, Gateway  
  43  3:20  Gateway  
  43  3:23  Probe  
  44  3:28  Probe  
  44  3:29  Pylon  
  45  3:35  Probe  
  46  3:46  Probe  
  46  3:47  Probe  
  48  3:51  Oracle (Chrono Boost)  
  51  3:55  Nexus  
  51  4:00  Pylon  
  51  4:01  Probe x2  
  53  4:13  Probe  
  53  4:15  Mothership Core  
  54  4:17  Pylon  
  54  4:19  Assimilator  
  54  4:22  Assimilator  
  56  4:29  Probe  
  53  4:35  Probe  
  52  4:41  Probe  
  53  4:45  Probe  
  53  4:47  Stalker x2  
  53  4:48  Stalker  
  60  4:53  Probe  
  60  4:56  Probe  
  61  5:01  Oracle (Chrono Boost)  
  61  5:05  Probe  
  61  5:06  Probe x2  
  62  5:16  Probe  
  62  5:17  Probe  
  62  5:18  Probe  
  65  5:27  Probe x2  
  63  5:30  Probe  
  63  5:32  Oracle (Chrono Boost)  
  69  5:37  Probe  
  69  5:38  Probe  
  69  5:39  Stalker x2  
  69  5:42  Probe  
  75  5:48  Probe x2  
  75  5:54  Probe  
  77  5:58  Probe  
  77  5:59  Probe  
  77  6:02  Forge, Twilight Council  
  79  6:06  Probe  
  79  6:09  Probe  
  79  6:10  Probe  
  81  6:16  Sentry  
  80  6:30  Protoss Ground Weapons Level 1  
  80  6:33  Stalker x2  
  82  6:40  Probe  
  82  6:41  Probe  
  82  6:45  Probe, Blink (Chrono Boost)  
  85  6:53  Probe  
  85  6:54  Probe  
  84  7:01  Gateway  
  84  7:02  Probe  
  84  7:04  Gateway  
  84  7:07  Gateway  
  85  7:15  Gateway  
  85  7:18  Gateway  
  85  7:19  Photon Cannon, Pylon  
  85  7:21  Pylon  
  85  7:22  Pylon  
  85  7:23  Probe  
  85  7:25  Photon Cannon  
  85  7:27  Probe  
  85  7:34  Pylon  
  85  7:35  Probe  
  85  7:37  Probe  
  85  7:39  Sentry x2  
  87  7:49  Stalker  
  89  7:55  Probe  
  88  8:00  Probe  
  88  8:01  Probe  
  90  8:07  Probe, Stalker x5  
  99  8:13  Probe  
  99  8:14  Probe  
  99  8:16  Pylon  
  101  8:21  Stalker x2, Adept  
  101  8:22  Phoenix (Chrono Boost)  
  109  8:28  Probe x2  
  109  8:30  Pylon  
  111  8:36  Probe  
  111  8:40  Probe, Assimilator x2  
  113  8:44  Adept  
  113  8:45  Adept  
  117  8:52  Adept x3  
  109  8:57  Probe  
  109  8:58  Probe  
  99  9:04  Probe, Adept x2  
  99  9:09  Probe  
  105  9:10  Adept  
  105  9:11  Adept  
Show
View Real Time Build Order
Export as new Build Order

liquidthermy Terran - Winner!

Build Orders: Reaper Expand, MMM Bio 

Get SALT Encoding   

  12  0:01  SCV  
  13  0:14  SCV  
  14  0:19  Supply Depot  
  14  0:26  SCV  
  15  0:30  Refinery  
  15  0:40  SCV  
  16  0:45  Barracks  
  16  0:52  SCV  
  17  1:05  SCV  
  18  1:17  SCV  
  19  1:32  Orbital Command  
  19  1:33  Reaper  
  20  1:46  Command Center  
  20  1:56  Factory  
  20  2:00  SCV  
  21  2:07  Barracks Reactor  
  21  2:12  SCV  
  22  2:18  Refinery, Supply Depot  
  22  2:24  SCV  
  23  2:40  SCV  
  23  2:43  Starport  
  24  2:50  Widow Mine  
  26  2:52  SCV, Widow Mine  
  30  2:59  Orbital Command  
  30  3:04  SCV  
  30  3:08  Marine  
  30  3:12  Engineering Bay  
  31  3:16  SCV  
  32  3:20  Medivac  
  32  3:21  Widow Mine  
  32  3:23  Widow Mine  
  32  3:25  SCV  
  39  3:28  SCV  
  40  3:35  Supply Depot  
  40  3:37  SCV  
  40  3:40  Missile Turret  
  41  3:43  Missile Turret  
  41  3:48  SCV  
  42  3:49  SCV  
  42  3:54  Widow Mine  
  45  3:56  Widow Mine  
  45  3:58  Supply Depot  
  45  4:00  Medivac  
  49  4:06  SCV x2  
  51  4:13  Supply Depot  
  51  4:18  SCV  
  51  4:19  SCV  
  51  4:22  Widow Mine  
  55  4:25  Widow Mine  
  55  4:31  SCV x2  
  58  4:38  Medivac  
  58  4:39  Barracks Tech Lab  
  58  4:42  Command Center  
  58  4:43  SCV x2  
  62  4:55  SCV  
  62  4:56  Barracks  
  62  4:58  Barracks  
  62  4:59  Widow Mine x2  
  65  5:01  Marine  
  65  5:04  Stimpack  
  64  5:08  SCV  
  64  5:09  SCV  
  64  5:13  Supply Depot  
  66  5:19  Marine  
  66  5:20  SCV  
  69  5:21  SCV  
  67  5:31  Starport Tech Lab  
  67  5:32  SCV  
  67  5:34  Terran Infantry Weapons Level 1  
  67  5:35  Barracks  
  68  5:36  SCV, Barracks  
  68  5:37  Refinery  
  68  5:38  Refinery  
  68  5:40  Factory Reactor  
  69  5:47  SCV  
  68  5:55  Orbital Command  
  66  5:58  SCV  
  66  6:01  Marauder x2, Combat Shields, Starport Reactor  
  66  6:02  Marine x2  
  66  6:03  SCV  
  74  6:09  Supply Depot  
  74  6:10  SCV  
  75  6:15  SCV  
  74  6:21  SCV  
  74  6:22  SCV, Marine  
  74  6:23  Marauder x2, Marine  
  74  6:24  Barracks Reactor, Barracks Tech Lab  
  82  6:27  SCV  
  83  6:34  SCV  
  83  6:38  Medivac x2  
  83  6:39  SCV  
  89  6:40  Marine, Widow Mine x2  
  89  6:43  Concussive Shells  
  89  6:44  Marauder, Orbital Command, Marine  
  89  6:45  Supply Depot  
  95  6:47  SCV  
  95  6:51  SCV  
  95  6:52  Marine  
  95  6:54  Missile Turret  
  98  6:59  SCV  
  97  7:01  Marine, Supply Depot  
  97  7:02  Supply Depot  
  96  7:12  SCV, Supply Depot  
  96  7:13  Marauder, Marine x2  
  96  7:15  SCV  
  102  7:18  Widow Mine x2  
  107  7:24  Marine  
  107  7:25  Marauder  
  107  7:28  Medivac x2  
  113  7:30  Refinery  
  113  7:33  Terran Infantry Armor Level 1, Marine, Supply Depot  
  113  7:35  Marine  
  113  7:36  Marine  
  116  7:37  Marine  
  116  7:40  Marine  
  116  7:42  Marine  
  119  7:46  Marauder  
  121  7:51  Marine  
  121  7:54  Armory  
  121  7:55  Marine x2, Engineering Bay  
  121  7:56  Marauder, Supply Depot  
  121  7:57  Supply Depot  
  121  7:58  Widow Mine  
  124  7:59  Marauder  
  124  8:00  Marine  
  124  8:03  Medivac  
  131  8:07  Marauder  
  131  8:09  Marine  
  134  8:13  Marine x2  
  134  8:16  Barracks  
  134  8:17  Marauder  
  134  8:18  Marine  
  139  8:20  Marine, Barracks x2  
  139  8:26  Supply Depot  
  140  8:27  Marine, Widow Mine x2  
  140  8:32  Medivac  
  140  8:33  Medivac  
  151  8:38  Marine x2  
  151  8:39  Marauder  
  153  8:42  Marine, Supply Depot  
  153  8:43  Marauder  
  153  8:44  Marine  
  153  8:48  Marine  
  151  8:56  Marine x2, Widow Mine x2  
  151  9:00  Marauder, Marine  
  151  9:02  Marauder, Marine  
  154  9:04  Marauder  
  154  9:09  Marine  
  157  9:19  Barracks Reactor, Barracks Tech Lab  
  157  9:21  Supply Depot  
Tags
 
Add a new tag
Caveats
  • Supply blocks, unpowered buildings, or Contaminate may cause inaccurate times.
  • Supply counts are checked every 10 seconds.